 Dungeon Crawl Stone Soup version 0.28-a0-1435-g82390b3a13 (webtiles) character file.

Game seed: 12033487116678171382

193 shadowrider38 the Sneak (level 5, 0/34 HPs)
             Began as an Octopode Wanderer on Jan 10, 2022.
             Slain by an endoplasm (1 damage)
             ... on level 3 of the Dungeon.
             The game lasted 00:10:31 (3815 turns).

shadowrider38 the Sneak (Octopode Wanderer)         Turns: 3815, Time: 00:10:32

Health: 0/34       AC:  1    Str:  9    XL:     5   Next: 72%
Magic:  6/6        EV: 14    Int: 16    God:
Gold:   168        SH:  5    Dex: 14    Spells: 4/6 levels left

rFire   . . .      SeeInvis .   a - +1 dagger (freeze)
rCold   . . .      Faith    .   c - +0 buckler
rNeg    . . .      Spirit   .   b - +0 hat
rPois   .          Reflect  .   (no amulet)
rElec   .          Harm     .   (no ring)
rCorr   .          Rampage  .   (no ring)
Will    .....                   (no ring)
Stlth   ++++......              (no ring)
HPRegen 0.11/turn               (no ring)
MPRegen 0.10/turn               (no ring)
                                (no ring)
                                (no ring)

@: studying Invocations
A: almost no armour, amphibious, 8 rings, camouflage 1, gelatinous body 1,
(nimble swimmer 1), tentacles
a: no special abilities


You were on level 3 of the Dungeon.
You visited 1 branch of the dungeon, and saw 3 of its levels.

You collected 168 gold pieces.

Inventory:

Hand Weapons
 a - a +1 dagger of freezing (weapon)
Missiles
 h - 4 boomerangs
 k - 115 stones
 o - 4 silver javelins (quivered)
Armour
 b - a +0 hat (worn)
 c - a +0 buckler (worn)
Wands
 q - a wand of polymorph (10)
Scrolls
 d - 3 scrolls of teleportation {unknown}
 e - a scroll of fear {unknown}
 f - a scroll of identify {unknown}
 g - a scroll of vulnerability {unknown}
 i - 2 scrolls of noise {unknown}
 m - 2 scrolls of enchant weapon {unknown}
 p - a scroll of immolation {unknown}
Potions
 j - 2 potions of curing {unknown}
 l - a potion of resistance {unknown}
 n - a potion of brilliance {unknown}
 r - 2 potions of flight {unknown}
 s - a potion of degeneration {unknown}


   Skills:
 - Level 2.0 Fighting
 - Level 4.0 Dodging
 - Level 4.0 Stealth
 + Level 2.9 Shields
 - Level 1.0 Spellcasting
 - Level 1.0 Hexes
 - Level 3.0 Necromancy


You had 4 spell levels left.
You knew the following spells:

 Your Spells              Type           Power      Damage    Failure   Level
a - Animate Skeleton      Necr           20%        N/A       9%          1
b - Slow                  Hex            16%        N/A       21%         1

Your spell library contained the following spells:

 Spells                   Type           Power      Damage    Failure   Level
 Pain                     Necr           40%        1d6       9%          1
 Sublimation of Blood     Necr           10%        N/A       13%         2
 Inner Flame              Hex/Fire       2%         N/A       58%         3


Dungeon Overview and Level Annotations

Branches:
Dungeon (3/15)

Altars:


Innate Abilities, Weirdness & Mutations

You cannot wear most types of armour.
You are amphibious.
You can wear up to eight rings at the same time.
Your skin changes colour to match your surroundings (Stealth+).
Your rubbery body absorbs attacks. (AC +1, EV +1)
((You are camouflaged when in or above water. (Stealth+)))
You have tentacles for arms and can constrict up to eight enemies at once.


Message History

You hit the orc priest but do no damage.
You squeeze the orc priest, but do no damage.
The orc priest is moderately wounded.
You constrict the orc priest.
The orc priest hits you with a +0 dagger.
* * * LOW HITPOINT WARNING * * *
You hit the orc priest but do no damage.
You squeeze the orc priest.
The orc priest is severely wounded.
You constrict the orc priest.
The orc priest invokes the aid of Beogh against you.
Pain shoots through your body!
* * * LOW HITPOINT WARNING * * *
Unknown command.
Unknown command.
Unknown command.
You hit the orc priest. You freeze the orc priest.
You kill the orc priest!
You hit the orc. You freeze the orc. You grab the orc.
You squeeze the orc, but do no damage.
The orc is severely wounded.
You constrict the orc.
You kill the orc!
You hit the endoplasm. You freeze the endoplasm.
The endoplasm is severely wounded.
The endoplasm freezes you.
You are frozen.
* * * LOW HITPOINT WARNING * * *
Unknown command.
Unknown command.
Unknown command.
Unknown command.
Throw: 5 javelins (silver)
Press: ? - help, Q - select action, (/) - cycle Shift-Dir - straight line, f - orc wizard
Aim: an orc wizard, wielding a +0 dagger and wearing a +0 robe (51% to hit)
You throw a silver javelin.
The silver javelin barely misses the endoplasm.
The silver javelin barely misses the orc wizard.
The endoplasm hits you.
You die...

♣.♣♣ ...#
♣♣.♣ ..#
♣.♣♣ ♣♣♣♣♣♣
#.....!#
♣♣.♣ ♣♣...♣♣
#......#
♣.♣♣
♣♣.♣♣.♣.
#..o.#.# ♣.♣
♣.♣♣♣♣.♣
#o...#.#
♣.♣♣♣♣.♣ ♣♣♣
.###....#.#
♣.).♣♣.♣ ♣
....K..o#@#
♣♣.....♣♣
........#J#
♣♣..)..♣
..J...K..o#
♣...♣)♣
........(.#
♣.♣♣♣.♣♣
.......#.##
♣.♣ ♣))♣♣
.......#..#
♣.♣ ♣♣..♣
....^####.##
♣.♣ ♣..♣♣
..... #..#
♣♣.♣ ♣♣..♣
.... ##.#
♣..♣ ♣..♣


You could see an orc wizard and an endoplasm.

Vanquished Creatures
  An orc priest (D:3)
  An iguana (D:3)
  Robin (D:3)
  An adder (D:2)
  A worm (D:3)
  5 dart slugs
  7 orcs
  5 ball pythons
  A bat zombie (D:2)
  9 endoplasms
  4 giant cockroaches
  11 goblins
  10 hobgoblins
  6 jackals
  3 quokkas
  A ball python skeleton (D:2)
  A ball python zombie (D:2)
  8 bats
  2 frilled lizards
  4 kobolds
  2 quokka skeletons (D:2)
  8 rats
92 creatures vanquished.

Notes
Turn   | Place    | Note
-------+----------+-------------------------------------------
     0 | D:1      | shadowrider38 the Octopode Wanderer began the quest for the
                  | Orb.
     0 | D:1      | shadowrider38 set off with the following items: a +0
                  | dagger, a +0 hat; and the following spells available to
                  | memorise: Animate Skeleton, Pain, Sublimation of Blood,
                  | Slow, Inner Flame
     0 | D:1      | Reached XP level 1. HP: 13/13 MP: 2/2
    27 | D:1      | Learned a level 1 spell: Animate Skeleton
    29 | D:1      | Learned a level 1 spell: Slow
    83 | D:1      | Found a faded altar of an unknown god.
   167 | D:1      | Reached XP level 2. HP: 18/18 MP: 3/3
   199 | D:1      | Reached skill level 1 in Shields
   588 | D:1      | Reached XP level 3. HP: 18/23 MP: 4/4
  1413 | D:2      | Reached XP level 4. HP: 29/29 MP: 5/5
  2593 | D:3      | Reached XP level 5. HP: 34/34 MP: 6/6
  2646 | D:3      | Noticed Robin
  3480 | D:3      | Killed Robin
  3814 | D:3      | HP: 1/34 [frozen (4)]
  3815 | D:3      | Slain by an endoplasm

Illustrated notes

Levels and vault maps discovered:
D:1:      wheals_arrival_shading, layout_basic,
          hellmonk_ecumenical_altar_slurped_away
D:2:      layout_rooms, serial_undead, serial_undead_f, serial_undead_b,
          serial_undead_f, serial_undead_f, guppyfry_early_orc_mine
D:3:      kb_forest_paths, layout_basic, uniq_sigmund, uniq_robin

Skill      XL: |  1  2  3  4  5 |
---------------+----------------+-----
Dodging        | 2 3 4 |  4.0
Shields        | 1 2 |  2.9
Fighting       | 2 |  2.0
Stealth        | |  4.0
Spellcasting   | |  1.0
Hexes          | |  1.0
Necromancy     | |  3.0

Action                   |  1- 3 |  4- 6 || total
-------------------------+-------+-------++-------
Melee: Dagger            |    16 |   104 ||   120
       Constrict         |    18 |    29 ||    47
       Tentacles         |    18 |    28 ||    46
       Short sword       |    64 |     6 ||    70
       Punch             |     3 |     2 ||     5
Throw: Javelin           |       |     4 ||     4
 Cast: Animate Skeleton  |     1 |       ||     1
 Stab: Sleeping          |    15 |     3 ||    18
       Distracted        |       |     1 ||     1
Armor: Skin              |     5 |     7 ||    12
Dodge: Dodged            |    30 |    56 ||    86
Block: Buckler           |     5 |    16 ||    21

Table legend: (Time is in decaauts)
 A = Elapsed time spent in this place.
 B = Non-inter-level travel time spent in this place.
 C = Inter-level travel time spent in this place.
 D = Time resting spent in this place.
 E = Time spent auto-exploring this place.
 F = Levels seen in this place.
 G = Mean time per level.
                   A        B        C        D        E       F      G
               +--------+--------+--------+--------+--------+-----+--------+
         Total |   3830 |   3711 |    119 |   1545 |   1239 |   3 | 1276.7 |
       Dungeon |   3830 |   3711 |    119 |   1545 |   1239 |   3 | 1276.7 |
               +--------+--------+--------+--------+--------+-----+--------+

Top non-repeatable levels by time:
     D:3: 1676 daAuts
     D:2: 1118 daAuts
     D:1: 1035 daAuts
